[Event "*** Titled Tuesday 3|2 Blitz"]
[Site "Chess.com"]
[Date "2017.03.07"]
[Round "8"]
[White "ZEN-22"]
[Black "GMOratovsky"]
[Result "1-0"]
[WhiteElo "2364"]
[BlackElo "2369"]
[TimeControl "180+2"]
[EndTime "14:53:13 PST"]
[Termination "ZEN-22 won by checkmate"]

1. e3 d5 2. Ne2 e5 3. d4 Nc6 4.
Nd2 Nf6 5. dxe5 Nxe5 6. Nf3 Nxf3+ 7. gxf3 Bd6 8. Bg2 O-O 9. Qd3 c6 10. c4 dxc4 11. Qxc4 Be6 12. Qc2 Re8 13. Bd2 Qb6 14. Bc3 Nd5 15. O-O Nxc3 16. Nxc3 Qa5 17. Rad1 Bc7 18. f4 Rad8 19. Rxd8 Rxd8 20. Rd1 Rxd1+ 21. Qxd1 h6 22. Be4 Qb4 23. Qc2 Bd8 24. Bf5 Bxf5 25.
Qxf5 Qxb2 26. Ne4 Qb1+ 27. Kg2 Qxa2 28. Qd7 Qd5 29. Qe8+ Kh7 30. f3 f5 31. Ng3 Bf6 32.
e4 Qd2+ 33. Kh3 Qxf4 34. exf5 Qg5 35. f4 Qh4+ 36. Kg2 Qg4 37. Qe4 Qd1 38. Qe8 Qd6 39. Qf7 Bc3 40. Qxb7 a5 41. Qb3 Qd2+ 42. Kh3 Bd4 43.
Qe6 Qe3 44. Qg6+ Kg8 45. Qxc6 Bf6 46. Qd5+ Kh8 47. Qxa5 Qxf4 48. Qa8+ Kh7 49. Qe4 Qf2 50. Qg4 Qa2 51. Qg6+ Kh8 52. Qe8+ Qg8 53. Qg6 Qb3 54.
Qg4 Qd5 55. Ne4 Qf7 56. Qg6 Qe7 57. Nxf6 Qxf6 58. Qxf6 gxf6 59. Kg4 Kg7 60. Kf4 Kf7 61. Ke4 Ke7 62. Kd5 Kd7 63. h3 h5 64. h4 Ke7 65.
Kc6 Kf7 66. Kd6 Kf8 67. Ke6 Kg7 68. Ke7 Kh6 69. Kxf6 Kh7 70. Ke7 Kh6 71. f6 Kg6 72. Ke6 Kh7 73. f7 Kh6 74. Ke7 Kg6 75. f8=Q Kh7 76.
Qf6 Kg8 77. Qg5+ Kh8 78. Kf7 Kh7 79. Qxh5# 1-0

[Event "*** Titled Tuesday 3|2 Blitz"]
[Site "Chess.com"]
[Date "2017.03.07"]
[Round "8"]
[White "mwpchess"]
[Black "MateusViageiro"]
[Result "1-0"]
[WhiteElo "2383"]
[BlackElo "2219"]
[TimeControl "180+2"]
[EndTime "14:53:20 PST"]
[Termination "mwpchess won by resignation"]

1. e4 c5 2. Nf3 d6 3. Bb5+ Nd7 4. O-O Nf6 5. Re1 g6 6. c3 Bg7 7. d4 O-O 8. e5 Nd5 9. dxc5 Nc7 10. Bxd7 Qxd7 11. cxd6 exd6 12. Qxd6 Qxd6 13. exd6 Nb5 14. Bf4 Rd8 15. Rd1 Bf8 16. Bg5 Rxd6 17. Rxd6 Nxd6 18. Nbd2 Be6 19. Nd4 Bd7 20. Re1 Re8 21. Rxe8 Bxe8 22. Be3 a6 23. Kf1 Nb5 24. Nxb5 Bxb5+ 25. c4 Bc6 26. f3 f5 27. h3 Kf7 28. Ke2 Ke6 29. Bf4 Bg7 30. b3 b5 31. Kd3 Bf6 32.
Be3 g5 33. Bd4 Be7 34. g4 Bd6 35. gxf5+ Kxf5 36. Ne4 Be7 37. Be3 h5 38. Ng3+ Kg6 39.
Ne4 bxc4+ 40. bxc4 Bd7 41. Nf2 Bd6 42. c5 Bg3 43.
Ne4 Bh4 44. Kd4 Bxh3 45. c6 g4 46. fxg4 Bxg4 47. Kc5 Bd8 48. Nc3 h4 49. Bf4 Kf5 50. Bh2 Be7+ 51. Kb6 Ke6 52. Kb7 Bd6 53. Bxd6 Kxd6 54.
c7 h3 55. Ne4+ Ke5 56. Nf2 Kf4 57. Nxg4 Kxg4 58. c8=Q+ Kg3 59. Qc3+ 1-0

[Event "*** Titled Tuesday 3|2 Blitz"]
[Site "Chess.com"]
[Date "2017.03.07"]
[Round "8"]
[White "Makalexa"]
[Black "AllStarShark"]
[Result "1-0"]
[WhiteElo "2133"]
[BlackElo "2265"]
[TimeControl "180+2"]
[EndTime "14:53:22 PST"]
[Termination "Makalexa won by checkmate"]

1. e4 c6 2. d4 d5 3. exd5 cxd5 4.
c4 Nf6 5. Nc3 Nc6 6. Nf3 Bg4 7.
cxd5 Nxd5 8. Qb3 Bxf3 9. Qxb7 Nxc3 10. gxf3 Nxd4 11. bxc3 Nc2+ 12. Ke2 Rb8 13. Qc6+ Qd7 14.
Qxd7+ Kxd7 15. Bh3+ e6 16. Bf4 Rb2 17. Rhb1 Ba3 18.
Rxb2 Bxb2 19. Rb1 Bxc3 20. Rb7+ Kc6 21. Rc7+ Kd5 22. Rxc3 Nd4+ 23. Kd3 Rd8 24. Be3 Nxf3 25. Bg2 Ke5+ 26. Ke2 Nd4+ 27. Bxd4+ Rxd4 28. Rc5+ Kf6 29. Ra5 Rd7 30. Ke3 g5 31. a4 h5 32. Rb5 Kg6 33. a5 f5 34. Rb7 f4+ 35. Ke2 Rd4 36. Rxa7 g4 37. Bc6 f3+ 38. Ke3 Rb4 39. a6 Rb3+ 40. Kd4 Rb2 41. Ra8 Rxf2 42. Rg8+ Kf5 43. a7 e5+ 44.
Kd3 Ra2 45. Rf8+ Kg5 46. a8=Q Rxa8 47. Bxa8 Kh4 48. Ke3 Kh3 49. Bxf3 gxf3 50. Kxf3 Kxh2 51. Rh8 h4 52. Rxh4+ Kg1 53. Re4 Kh2 54. Rxe5 Kg1 55. Re2 Kf1 56. Re8 Kg1 57. Kg3 Kf1 58. Re7 Kg1 59.
Re1# 1-0

[Event "*** Titled Tuesday 3|2 Blitz"]
[Site "Chess.com"]
[Date "2017.03.07"]
[Round "8"]
[White "Generalas"]
[Black "Chesstrainer1"]
[Result "0-1"]
[WhiteElo "2169"]
[BlackElo "2345"]
[TimeControl "180+2"]
[EndTime "14:53:25 PST"]
[Termination "Chesstrainer1 won by resignation"]

1. e4 c5 2. c3 d5 3. exd5 Nf6 4.
Nf3 Nxd5 5. d4 cxd4 6. Qxd4 Nc6 7. Qa4 Nb6 8. Qc2 g6 9. Bd3 Bg7 10. O-O O-O 11. Na3 Bg4 12. Be2 Rc8 13. Rd1 Qc7 14.
Be3 Bf5 15. Qb3 Be6 16. Qb5 h6 17. Bxb6 Qxb6 18. Qxb6 axb6 19. Nc4 Bxc4 20. Bxc4 Na5 21. Be2 Rfd8 22. Kf1 e5 23. Ke1 f5 24. Rxd8+ Rxd8 25. Rd1 Rxd1+ 26. Kxd1 e4 27. Nd2 Be5 28. h3 Bc7 29. Nc4 Nc6 30. Ne3 Kf7 31. Nd5 Bd8 32. g4 Ne5 33. gxf5 gxf5 34. Kd2 Ke6 35. Nb4 Bg5+ 36. Ke1 f4 37. a4 f3 38. Bb5 Bh4 39.
Nc2 Bg5 40. Nd4+ Kd5 41. Nc2 Bc1 42. b3 Ng6 43. Ne3+ Bxe3 44. fxe3 Ne5 45. Kf2 h5 46. Kg3 h4+ 47. Kf2 Ke6 48. Bf1 Nd7 49. b4 Kd6 50. Ke1 Ne5 51. Kd2 Kd5 52. Kc2 Nc4 53. Bxc4+ Kxc4 54. Kd2 f2 55. Ke2 Kxc3 56. Kxf2 Kxb4 57. Ke2 Kxa4 58.
Kd2 Kb3 0-1

[Event "*** Titled Tuesday 3|2 Blitz"]
[Site "Chess.com"]
[Date "2017.03.07"]
[Round "8"]
[White "AlexZambrano"]
[Black "alekroth64"]
[Result "0-1"]
[WhiteElo "2286"]
[BlackElo "2268"]
[TimeControl "180+2"]
[EndTime "14:53:29 PST"]
[Termination "alekroth64 won on time"]

1. e4 e5 2. Nf3 Nc6 3. Bb5 a6 4. Bxc6 dxc6 5. Nc3 f6 6. d4 exd4 7. Nxd4 c5 8. Nde2 Qxd1+ 9. Nxd1 Be6 10. Bf4 Bd6 11. Bxd6 cxd6 12. Ne3 Ne7 13. O-O-O O-O-O 14. Nf4 Bf7 15. Rd2 Rhe8 16. Rhd1 Kc7 17. f3 g5 18. Ne2 b5 19. Nc3 b4 20. Ncd5+ Nxd5 21. Nxd5+ Bxd5 22. Rxd5 Re5 23. Rxe5 fxe5 24. Kd2 h5 25.
Ke3 g4 26. g3 gxf3 27. Rf1 Rg8 28. Rxf3 Rg4 29. h3 Rg7 30. Kf2 Kd7 31. Rf5 Rh7 32. Rf8 Ke6 33. Ra8 h4 34. g4 Rf7+ 35. Ke3 Rf1 36. Rh8 Re1+ 37. Kf3 Rc1 38. Rh6+ Ke7 39.
Rxh4 Rxc2 40. g5 Rxb2 41. Rh7+ Ke6 42. Rh6+ Ke7 43. Rh7+ Ke6 44. Rh6+ Ke7 45. Rh7+ Kf8 46. Kg4 Rxa2 47. Kf5 Rf2+ 48. Kg6 b3 49. Rh8+ Ke7 50.
Rb8 c4 51. h4 b2 52. h5 c3 53. h6 Rh2 54. h7 a5 55. Kg7 c2 56. Rb7+ Ke6 57. Rxb2 c1=Q 58. Rxh2 Qxg5+ 59. Kf8 Qe7+ 60. Kg8 Qf7+ 0-1

[Event "*** Titled Tuesday 3|2 Blitz"]
[Site "Chess.com"]
[Date "2017.03.07"]
[Round "8"]
[White "kleinebeer98"]
[Black "bancsoo"]
[Result "1-0"]
[WhiteElo "2499"]
[BlackElo "2605"]
[TimeControl "180+2"]
[EndTime "14:53:39 PST"]
[Termination "kleinebeer98 won by resignation"]

1. e4 e5 2. Nf3 Nc6 3. Bb5 a6 4.
Ba4 Nf6 5. d3 d6 6. c3 g6 7. Bg5 Bg7 8. Nbd2 h6 9. Bh4 O-O 10.
Nf1 d5 11. exd5 Qxd5 12. Ne3 Qd6 13. Nc4 Qe7 14. Bxc6 bxc6 15. O-O g5 16. Bg3 e4 17.
Re1 Rd8 18. Nd4 Qe8 19. Bxc7 Rd7 20. Be5 c5 21. Nb3 Rxd3 22. Qc2 Qc6 23. Nca5 Qd5 24. Bg3 Bf5 25. c4 Qd8 26. Nxc5 Qxa5 27. Nxd3 exd3 28. Qb3 d2 29. Red1 Ne4 30. a3 Nxg3 31.
hxg3 Re8 32. Kh2 Re2 33. Qf3 Qe5 34. c5 Bc2 35. c6 Bxd1 36. Rxd1 Re4 37. Rxd2 g4 38.
Qxe4 Qxe4 39. c7 Qf5 40. Rd8+ Kh7 41. c8=Q Qxf2 42. Qc4 h5 43. Rd5 Kh6 44. Qxa6+ f6 45. Qb5 h4 46. Rh5+ Kg6 47. Rxh4 f5 48. Qc6+ Kg5 49.
Qc7 Qxb2 50. Qd8+ Kg6 51. Qe8+ Kg5 52. Rh5+ Kf6 53. Qc6+ Ke7 54. Rxf5 Be5 55. Qe4 Kd6 56. Qd3+ Ke6 57. Qe4 Qc3 58. Qxg4 Kd6 59. Qg6+ Kc7 60. Rf7+ 1-0

[Event "*** Titled Tuesday 3|2 Blitz"]
[Site "Chess.com"]
[Date "2017.03.07"]
[Round "8"]
[White "GM_Splinter"]
[Black "PelinGorki"]
[Result "1/2-1/2"]
[WhiteElo "2274"]
[BlackElo "2427"]
[TimeControl "180+2"]
[EndTime "14:54:04 PST"]
[Termination "Game drawn by agreement"]

1. e4 d6 2. d4 Nf6 3. Nc3 c6 4.
f4 Qa5 5. Bd3 e5 6. Nf3 exd4 7.
Nxd4 Qb6 8. Nf3 d5 9. e5 Ng4 10. Qe2 Bc5 11. Nd1 h5 12. f5 Qc7 13. Ne3 Nxe5 14.
Nxd5 cxd5 15. Qxe5+ Qxe5+ 16. Nxe5 Nc6 17. Nxc6 bxc6 18.
Bf4 O-O 19. O-O-O Bd7 20. h3 Rfe8 21. g4 h4 22. Rde1 Bf2 23. Ref1 Be3+ 24. Bxe3 Rxe3 25. Kd2 Rae8 26. Rf4 c5 27. b3 d4 28. g5 Bc6 29.
Rh2 Be4 30. Rxh4 Bxd3 31. cxd3 Rf3 32. Re2 Rxe2+ 33. Kxe2 Rxf5 34. Rg4 Kf8 35. h4 Ke7 36. Re4+ Kd6 37. Re8 Re5+ 38. Rxe5 Kxe5 39. Kf3 Kf5 40. Kg3 g6 41. Kf3 a5 42. Kg3 Ke5 43. Kf3 Kf5 44. a4 Ke5 45. Kg4 f5+ 46. gxf6 Kxf6 47.
Kf4 Ke6 48. Kg5 Kf7 49. h5 gxh5 50. Kxh5 Kf6 51. Kg4 Ke6 52. Kf4 Kd6 53. Kf5 Kd5 54. Kf6 Kd6 55. Kf5 Kd5 56. Kf4 Kd6 57. Kf5 Kd5 58.
Kf6 Kd6 59. Kf7 Ke5 60. Ke7 Kf4 61. Kd6 Ke3 62. Kxc5 Kxd3 63. b4 axb4 64. Kxb4 Ke3 65. a5 d3 66. a6 d2 67. a7 d1=Q 68. a8=Q Qb1+ 69. Kc5 1/2-1/2

[Event "*** Titled Tuesday 3|2 Blitz"]
[Site "Chess.com"]
[Date "2017.03.07"]
[Round "8"]
[White "SwiftyMcBishop"]
[Black "Genghis_K"]
[Result "0-1"]
[WhiteElo "2227"]
[BlackElo "2717"]
[TimeControl "180+2"]
[EndTime "14:54:18 PST"]
[Termination "Genghis_K won by resignation"]

1. e4 c5 2. Nf3 d6 3. c3 Nf6 4. h3 Nc6 5. Bd3 d5 6. e5 c4 7.
Bc2 Nd7 8. e6 fxe6 9. d3 cxd3 10. Qxd3 Nf6 11. Bf4 g6 12. Na3 Bg7 13. O-O O-O 14. Bh2 Ne4 15. Nb5 Nd6 16. Nbd4 Nxd4 17. cxd4 Bd7 18. a4 Rxf3 19. Qxf3 Bxd4 20. Qe2 Rc8 21. Bd3 Bf6 22. a5 Qf8 23. Rac1 Rd8 24. Rc2 Qf7 25. Rfc1 Nf5 26. Bxf5 exf5 27. Bc7 Rc8 28. Be5 Rc6 29. Qe3 a6 30. Rxc6 Bxc6 31. Re1 Kf8 32. f4 Qe6 33. Qd4 Kf7 34. Kf2 Bxe5 35.
Rxe5 Qf6 36. g3 h6 37. Qc5 g5 38. Ke2 h5 39. Qb4 Bb5+ 40. Ke1 h4 41. gxh4 g4 42. hxg4 Qxh4+ 43. Kd2 fxg4 44. Qd4 Bc4 45. Qc5 Qh2+ 46. Kc3 Qh3+ 47. Re3 Qh8+ 48. Qd4 Qd8 49. b4 Qd6 50. f5 Qc6 51. Qe5 Qf6 52. Qxf6+ Kxf6 53. Kd4 Kxf5 54.
Rxe7 g3 55. Ke3 Kg4 56. Rd7 Kh3 57. Kf3 Kh4 58. Rxb7 Bd3 59. Rg7 Be4+ 60. Kf4 g2 61. Rg4+ Kh3 62. Rg3+ Kh2 63. Rxg2+ Kxg2 64. b5 axb5 65.
a6 Bf3 66. a7 d4 0-1

[Event "*** Titled Tuesday 3|2 Blitz"]
[Site "Chess.com"]
[Date "2017.03.07"]
[Round "8"]
[White "jcibarra"]
[Black "LuckyTiger"]
[Result "1-0"]
[WhiteElo "2675"]
[BlackElo "2511"]
[TimeControl "180+2"]
[EndTime "14:54:18 PST"]
[Termination "jcibarra won by resignation"]

1. e4 e6 2. d4 d5 3. Bd3 dxe4 4.
Bxe4 Nf6 5. Bf3 c5 6. Ne2 Nc6 7.
Be3 Nd5 8. Bxd5 Qxd5 9. Nbc3 Qd7 10. dxc5 Be7 11. Qxd7+ Bxd7 12. O-O-O O-O-O 13. Nb5 e5 14. Nec3 Be6 15. Ne4 f5 16. Nbd6+ Kb8 17. Ng5 Bxa2 18. b3 f4 19. Ngf7 fxe3 20. fxe3 Rhf8 21. Nxd8 Bxd8 22. Rhf1 Bf6 23. Ne4 Kc7 24. Kb2 Bxb3 25. cxb3 Nb8 26. Ng5 e4+ 27. Ka3 Re8 28. Nxh7 Be5 29.
Ng5 Kc6 30. b4 a5 31. bxa5 Na6 32. h3 Nxc5 33. Rc1 Kb5 34. Rf5 Bd6 35. Nf7 Bf8 36. Ka2 Ra8 37. Rb1+ Kc4 38. Rc1+ Kb5 39. Ng5 Rxa5+ 40.
Kb1 Kb4 41. Rxf8 Nb3 42. Rc7 Rxg5 43. Rxb7+ Kc4 44. Rc8+ Nc5 45. g4 Kd3 46. Rbc7 Na4 47. Ra7 Rb5+ 48. Kc1 Nc5 49. Ra3+ Ke2 50. Kc2 Nd3 51.
Rc4 Kxe3 52. Rc7 Rb2+ 53. Kc3 Rb1 54. Rxg7 Rc1+ 55. Kb3 Rb1+ 56. Kc2 Rb2+ 57. Kc3 Rb5 58. Ra4 Rc5+ 59. Rc4 Ra5 60. Re7 Ra3+ 61. Kc2 Nf2 62. g5 Ra2+ 63. Kb3 Ra1 64. g6 Rg1 65. g7 Kd3 66. Rc8 Nxh3 67. Rd8+ Ke3 68. g8=Q Rxg8 69.
Rxg8 Nf2 70. Kc4 1-0

[Event "*** Titled Tuesday 3|2 Blitz"]
[Site "Chess.com"]
[Date "2017.03.07"]
[Round "8"]
[White "VMikhalevski"]
[Black "Fandorine"]
[Result "0-1"]
[WhiteElo "2544"]
[BlackElo "2634"]
[TimeControl "180+2"]
[EndTime "14:54:24 PST"]
[Termination "Fandorine won by resignation"]

1. Nf3 g6 2. g3 b6 3. Bg2 Bb7 4.
O-O Bg7 5. d4 Nf6 6. c4 O-O 7.
b3 d6 8. Bb2 Nbd7 9. Nbd2 Ne4 10.
Bh3 c5 11. Qc2 Nxd2 12. Qxd2 Nf6 13. Rad1 Qc7 14. Qc1 cxd4 15. Nxd4 a6 16. Qe3 Rfe8 17.
Bg2 Bxg2 18. Kxg2 Qb7+ 19. Qf3 Qxf3+ 20. Kxf3 Rac8 21. e3 Nd7 22. Rd2 Rc7 23. Ke2 Rec8 24. Rfd1 Rb7 25. Rc1 Kf8 26. h4 h5 27. Ba3 Nc5 28.
f3 Rbc7 29. Rcd1 Bf6 30. e4 Nd7 31. Kf2 Ke8 32. Bb2 Ne5 33. Ne2 Nd3+ 34. Rxd3 Bxb2 35. a4 Rb7 36. Rd5 Ba3 37. Rb1 Bb4 38. Rb2 b5 39.
cxb5 Bc5+ 40. Kg2 axb5 41. axb5 Rxb5 42. Rd3 Bb4 43. Kf2 Rbc5 44. Ke3 Rc2 45. Rxc2 Rxc2 46.
f4 Rb2 47. Kf3 e6 48. Nd4 Bc5 49. Ne2 Kd7 50. Rc3 Kc6 51. Rd3 Kb5 52. Nc3+ Kb4 53.
Ne2 Rxb3 54. Rxb3+ Kxb3 55. f5 gxf5 56. exf5 e5 57.
Ke4 Kc4 58. f6 Bf2 59. Kf3 Be1 60. Ke4 Bd2 61. Ng1 Bc3 62. Ne2 d5+ 63. Kf5 d4 64. g4 d3 65. Nxc3 Kxc3 66. g5 d2 67. g6 fxg6+ 68.
Kxg6 d1=Q 0-1

[Event "*** Titled Tuesday 3|2 Blitz"]
[Site "Chess.com"]
[Date "2017.03.07"]
[Round "8"]
[White "ZapataCharlesS"]
[Black "Matibar"]
[Result "1-0"]
[WhiteElo "2671"]
[BlackElo "2581"]
[TimeControl "180+2"]
[EndTime "14:54:38 PST"]
[Termination "ZapataCharlesS won on time"]

1. d4 e6 2. Nf3 Nf6 3. Bg5 c5 4.
e3 Qb6 5. Nc3 cxd4 6. exd4 d5 7.
Bxf6 gxf6 8. Bb5+ Nc6 9. O-O Bd7 10. a4 Bd6 11. Re1 O-O 12. Qd2 Kg7 13. Qd3 Rg8 14.
Bxc6 bxc6 15. g3 a5 16. b3 c5 17. Ne2 Kh8 18. Rad1 Rab8 19. Kg2 Bc6 20. Nh4 Rg4 21. Qe3 Rbg8 22. Qh6 Qd8 23. Kh1 Bf8 24. Qe3 Re4 25. Qf3 cxd4 26. Nxd4 Rxe1+ 27. Rxe1 Bb7 28. Kg1 f5 29.
Qh5 Qf6 30. Nhf3 Bc5 31. c3 Kg7 32. Ng5 Bxd4 33. cxd4 Qg6 34. Qh4 h6 35. Nf3 Qf6 36.
Qf4 Rc8 37. Kg2 Rc3 38. Re3 Rc2 39. Rd3 Ba6 40. Re3 Qd8 41. g4 fxg4 42. Qxg4+ Kh7 43. Ne5 Qg8 44. Qxg8+ Kxg8 45. Nd7 Rc1 46. Nc5 Bf1+ 47. Kg3 Kg7 48. Nb7 Rd1 49. Nxa5 Rxd4 50. Nb7 Rb4 51.
Nc5 h5 52. h4 Rg4+ 53. Kh2 d4 54. Rg3 d3 55. Rxg4+ hxg4 56. Ne4 Be2 57. Nd2 Bf3 58. Kg3 Bc6 59. a5 f5 60. Kf4 Kf6 61. Ke3 e5 62. Kxd3 f4 63. Ke2 Kf5 64. Kf1 e4 65. Nc4 Bb5 66. Kg2 Ke6 67. h5 Bc6 68. h6 1-0

[Event "*** Titled Tuesday 3|2 Blitz"]
[Site "Chess.com"]
[Date "2017.03.07"]
[Round "8"]
[White "Tash_Boy"]
[Black "TheNextLevelFan"]
[Result "1/2-1/2"]
[WhiteElo "2510"]
[BlackElo "2385"]
[TimeControl "180+2"]
[EndTime "14:54:41 PST"]
[Termination "Game drawn - insufficient material"]

1. e4 e5 2. Nf3 Nc6 3. Bb5 a6 4. Ba4 Nf6 5. O-O Be7 6. d3 d6 7. c3 O-O 8. Nbd2 h6 9. Re1 Be6 10.
h3 Nh7 11. d4 exd4 12. cxd4 d5 13. e5 Ng5 14. Nxg5 Bxg5 15. Nf3 Bxc1 16. Rxc1 Ne7 17. Bc2 Rc8 18. Bb1 Qd7 19. Nh4 Nf5 20. Nxf5 Bxf5 21.
Bxf5 Qxf5 22. Qb3 c6 23. Qxb7 Rb8 24. Qxc6 Rxb2 25. Rf1 Rxa2 26. Qxd5 Rd2 27. Rcd1 Qd3 28. Rxd2 Qxd2 29. Ra1 Rb8 30. Rxa6 Rb1+ 31. Kh2 Qf4+ 32. g3 Qxf2+ 33. Qg2 Qxd4 34. Ra8+ Kh7 35. Qc2+ g6 36.
Qxb1 Qf2+ 37. Kh1 Qf3+ 38. Kh2 Qxa8 39. Qb3 Qe8 40. Qd5 Kg7 41. Qd6 Qc8 42. Qf6+ Kg8 43. Qf2 Qc4 44. h4 Qe4 45. Qb2 Kh7 46. Qf2 Kg8 47. Qf4 Qe2+ 48. Kh3 h5 49. Qd4 Qf3 50. Kh2 Kh7 51. Qf4 Qe2+ 52. Kh3 Qa2 53. Qf6 Qd5 54. Kh2 Qd2+ 55. Kg1 Qd5 56. Kf2 Qd4+ 57.
Kf3 Qd1+ 58. Ke4 Qe1+ 59. Kd5 Qd2+ 60. Kc6 Qc3+ 61. Kd7 Kg8 62. Ke8 Qc8+ 63. Ke7 Qc7+ 64. Ke8 Qc8+ 65. Ke7 Qf8+ 66. Kd7 Qc5 67. Qd8+ Kg7 68.
Qf6+ Kg8 69. Qd8+ Kg7 70. Qf6+ Kg8 71. e6 Qd5+ 72. Ke7 Qxe6+ 73. Qxe6 fxe6 74. Kxe6 Kg7 75. Ke7 Kg8 76. Kf6 Kh7 77. Kf7 Kh6 78. Kg8 g5 79. Kf7 gxh4 80. gxh4 Kh7 81. Kf6 Kh6 82. Kf5 Kh7 83.
Kg5 Kh8 84. Kxh5 Kg8 85. Kg6 Kh8 86. h5 Kg8 87. h6 Kh8 88. Kf7 Kh7 89. Kf6 Kxh6 1/2-1/2

[Event "*** Titled Tuesday 3|2 Blitz"]
[Site "Chess.com"]
[Date "2017.03.07"]
[Round "8"]
[White "workhard91"]
[Black "Grebeniuk-S"]
[Result "0-1"]
[WhiteElo "2225"]
[BlackElo "2428"]
[TimeControl "180+2"]
[EndTime "14:54:41 PST"]
[Termination "Grebeniuk-S won by resignation"]

1. e4 d5 2. exd5 Qxd5 3. Nc3 Qa5 4. Bc4 Nf6 5. d4 c6 6. Bd2 Qb6 7. Nf3 Bg4 8. Bxf7+ Kxf7 9. Ne5+ Kg8 10. Nxg4 Qxd4 11.
h3 Nbd7 12. Be3 Qxd1+ 13. Rxd1 Kf7 14. Ke2 e6 15. Nxf6 Nxf6 16. Bg5 Nd5 17. Ne4 h6 18. Bc1 b5 19. Rd3 Be7 20. Rf3+ Kg6 21. b3 b4 22. Bb2 Bf6 23. Nxf6 gxf6 24. Rd1 e5 25. c4 bxc3 26.
Bxc3 a5 27. Rc1 a4 28. Bd2 axb3 29. axb3 Ra6 30. Rc2 h5 31. Rg3+ Kf7 32. Rf3 Rg8 33. Rf5 Kg6 34. g4 hxg4 35. hxg4 Rb8 36. Rf3 Rab6 37.
Rc4 Rxb3 38. Rxb3 Rxb3 39. Rxc6 Rb6 40. Rc8 Ne7 41. Rh8 Nc6 42. Rh6+ Kg7 43. g5 Nd4+ 44.
Kd3 Rb3+ 45. Kc4 fxg5 46. Rd6 Rf3 47. Be3 Nf5 48. Rd7+ Kf6 49. Bc5 g4 50. Rd8 Rf4+ 51. Kd3 Rf3+ 52. Ke2 Kg5 53. Rg8+ Kf4 54. Rf8 Rc3 55.
Be7 Rc2+ 56. Ke1 e4 57. Bf6 e3 58. fxe3+ Kxe3 59. Bg5+ Ke4 60. Re8+ Kf3 61. Rf8 Rc5 62. Kf1 g3 63. Kg1 Rd5 64. Bd2 Rb5 65. Be1 Kg4 66.
Rg8+ Kh3 67. Rh8+ Nh4 68. Rg8 Nf3+ 69. Kf1 Nxe1 70. Kxe1 Kg2 71. Ke2 Re5+ 72. Kd3 Kh2 73. Rh8+ Kg1 74. Kd4 Re7 75. Rg8 g2 76. Rg6 Rf7 77. Ke3 Kf1 0-1

[Event "*** Titled Tuesday 3|2 Blitz"]
[Site "Chess.com"]
[Date "2017.03.07"]
[Round "8"]
[White "Grootneus"]
[Black "Rating-Schmating"]
[Result "0-1"]
[WhiteElo "2141"]
[BlackElo "2288"]
[TimeControl "180+2"]
[EndTime "14:54:47 PST"]
[Termination "Rating-Schmating won by resignation"]

1. e4 e6 2. d4 d5 3. Nc3 Bb4 4.
Bd3 dxe4 5. Bxe4 Nf6 6. Bf3 c5 7. a3 Ba5 8. Ne2 cxd4 9. Qxd4 Nc6 10. Qh4 Ne5 11. Be4 Nxe4 12. Qxe4 Qd5 13. Qxd5 exd5 14. b4 Bd8 15. Nxd5 Be6 16. Ndf4 Bf5 17. Nd4 Bd7 18. O-O O-O 19. Re1 Bf6 20. Nd5 Nf3+ 21. Nxf3 Bxa1 22. c3 Be6 23. Nc7 Rac8 24. Nxe6 fxe6 25. Rxe6 Rxc3 26. Be3 Rxa3 27. h4 Bf6 28. h5 Kf7 29. Rd6 Re8 30. Rd7+ Re7 31. Rd5 b6 32. h6 gxh6 33. Bxh6 Rb3 34.
b5 Ke6 35. Rh5 Rd7 36. Be3 Ra3 37. Rh6 Kf5 38. Rh5+ Kg6 39. Rh6+ Kg7 40. Rh5 Rad3 41. Rf5 R3d5 42. Rf4 Rxb5 43. Rg4+ Kf7 44. Kh2 Rh5+ 45.
Kg3 Be5+ 46. Nxe5+ Rxe5 47. Rh4 Kg8 48. Kf4 Re6 49. Kf5 Rg6 50. g4 Rf7+ 51. Ke5 Kf8 52. Ke4 Ke7 53. g5 Kd6 54. f4 Re6+ 55. Kd4 a5 56. Rh1 Rd7 57. f5 Kc6+ 58. Kc4 Rxe3 59. f6 Rg3 60. Rf1 Rxg5 61. f7 Rg4+ 62. Kc3 Rg3+ 63.
Kc2 Rxf7 64. Rxf7 Rh3 65. Kb2 h5 66. Rh7 h4 67. Rh8 Kb5 68. Rh7 Ka4 69. Rh6 b5 70.
Rh5 Kb4 71. Rh8 Rh2+ 72. Kb1 h3 73. Rf8 a4 74. Rf3 a3 75. Ka1 Ka4 76. Rg3 b4 77. Rg4 Kb3 78. Rg3+ Kc2 79. Rg8 Rh1+ 80. Ka2 b3+ 81.
Kxa3 Ra1+ 82. Kb4 b2 83. Rc8+ Kd3 84. Rd8+ Ke4 85. Re8+ Kf5 86. Rf8+ Kg6 87. Kc3 b1=Q 88. Rf1 0-1

[Event "*** Titled Tuesday 3|2 Blitz"]
[Site "Chess.com"]
[Date "2017.03.07"]
[Round "8"]
[White "Lupul_Cenusiu"]
[Black "Noukii"]
[Result "0-1"]
[WhiteElo "2418"]
[BlackElo "2648"]
[TimeControl "180+2"]
[EndTime "14:54:57 PST"]
[Termination "Noukii won by resignation"]

1. d4 Nf6 2. Bg5 b6 3. e3 Bb7 4. Nf3 g6 5. Nbd2 Bg7 6. h3 O-O 7. Be2 d6 8. O-O Nbd7 9. Bb5 a6 10. Ba4 b5 11. Bb3 c5 12. c3 Qc7 13. Qe2 Rfe8 14.
e4 e5 15. d5 c4 16. Bc2 Nc5 17. b4 cxb3 18. axb3 Ncd7 19. c4 b4 20. Ne1 Nc5 21. Nd3 Nxd3 22. Bxd3 a5 23. Ra4 Nd7 24. Rfa1 Nc5 25.
R4a2 Bc8 26. Bc2 Bd7 27. Be3 Reb8 28. Rb1 Ra6 29. Kh2 Rba8 30. Rab2 Rf8 31. Nf3 Rb8 32. Ne1 f5 33. f3 a4 34. bxa4 b3 35.
Bxb3 fxe4 36. fxe4 Nxe4 37. Bc2 Rxb2 38. Rxb2 Nc5 39.
Rb4 e4 40. Qd2 Bxa4 41. Bxa4 Nxa4 42. Bd4 Nc5 43. Bxg7 Kxg7 44. Qd4+ Kh6 45. Qe3+ Kg7 46. Qd4+ Kg8 47. Nc2 Ra8 48. Ne3 Qg7 49. Qxg7+ Kxg7 50. Rb6 Rd8 51. Rc6 Kf6 52. Rc7 Rd7 53. Rxd7 Nxd7 54. Ng4+ Kf5 55. Kg3 Nb6 56. Nh6+ Ke5 57. Nf7+ Kd4 58.
Nxd6 e3 59. Kf3 Kd3 60. Nb7 e2 61. Nc5+ Kxc4 62. Kxe2 Kxc5 63. Ke3 Kxd5 64. Kf4 Ke6 65. Kg5 Kf7 66. h4 Nd5 67. h5 Nf6 68. hxg6+ hxg6 69. Kh6 Ne4 70. g4 Kf6 71. g5+ Kf5 0-1

[Event "*** Titled Tuesday 3|2 Blitz"]
[Site "Chess.com"]
[Date "2017.03.07"]
[Round "8"]
[White "Ginger_GM"]
[Black "johnathan113"]
[Result "1/2-1/2"]
[WhiteElo "2496"]
[BlackElo "2389"]
[TimeControl "180+2"]
[EndTime "14:55:22 PST"]
[Termination "Game drawn - insufficient material"]

1. e4 g6 2. h4 h6 3. Nc3 c5 4. f4 Nc6 5. h5 gxh5 6. Bc4 e6 7. Qxh5 Nd4 8. Kd1 Nf6 9. Qh4 Be7 10.
e5 d5 11. exd6 Qxd6 12. d3 Bd7 13. a4 Rg8 14. Qf2 Ng4 15. Qe1 O-O-O 16. Nf3 f5 17.
Nb5 Nxb5 18. axb5 Kb8 19. Bd2 Bf6 20. Kc1 Rde8 21. Bc3 Qxf4+ 22. Kb1 Bxc3 23. Qxc3 b6 24. Re1 Bc8 25. Ka2 Ne3 26. Ne5 Bb7 27. Qd2 Nxg2 28.
Qxf4 Nxf4 29. Nc6+ Bxc6 30. bxc6 Rg2 31. Kb3 e5 32.
Rh1 h5 33. Rhg1 Rg4 34. Rge1 h4 35. Ra6 h3 36. c7+ Kxc7 37. Rxa7+ Kd6 38. Rh7 Ne6 39. c3 Ng5 40. Rh6+ Kc7 41. Ra1 Rb8 42. Bd5 Rb7 43.
Bxb7 Kxb7 44. Rh8 e4 45. Raa8 exd3 46. Rab8+ Kc6 47. c4 Kd6 48. Rbd8+ Ke5 49. Rxd3 Ne4 50. Rhxh3 Rg2 51. Rd5+ Kf4 52. Rh4+ Kg5 53. Rh8 Nf6 54. Rd6 f4 55. Rf8 Rg3+ 56. Ka2 Ne4 57. Rxb6 Kg4 58. Rg8+ Kf3 59. Rf8 Rg2 60. Re6 Nc3+ 61. Kb3 Ne2 62. Ref6 Nd4+ 63. Ka3 Rg4 64. Ka4 Ke3 65. Re8+ Kd3 66. b3 Rg1 67. Ka5 f3 68. b4 Ra1+ 69. Kb6 cxb4 70. Rd8 Kxc4 71. Rf4 Rd1 72. Rxf3 Nxf3 73.
Rxd1 b3 74. Ka5 Kc3 75. Ka4 b2 76. Ka3 Nd2 77. Ka2 Kc2 78. Rxd2+ Kxd2 79. Kxb2 1/2-1/2

[Event "*** Titled Tuesday 3|2 Blitz"]
[Site "Chess.com"]
[Date "2017.03.07"]
[Round "8"]
[White "pKiLz5Rn9b"]
[Black "GeorgMeier"]
[Result "1/2-1/2"]
[WhiteElo "2557"]
[BlackElo "2717"]
[TimeControl "180+2"]
[EndTime "14:56:30 PST"]
[Termination "Game drawn - insufficient material"]

1. d4 Nf6 2. Nf3 e6 3. g3 d5 4. Bg2 b5 5. O-O Nbd7 6. a4 b4 7. c3 Ba6 8. Re1 Be7 9. Nfd2 Bb7 10. c4 c5 11. Nb3 O-O 12. Be3 Rc8 13. dxc5 Nxc5 14.
N1d2 Nxb3 15. Nxb3 Rxc4 16. Bxa7 Qc7 17. a5 Ra8 18.
Bb6 Qc8 19. Rc1 Nd7 20. Be3 Ne5 21. Bb6 h6 22. h3 Rxc1 23. Qxc1 Nc4 24. e4 dxe4 25.
Bxe4 Bxe4 26. Rxe4 Nxb6 27. axb6 Qxc1+ 28. Nxc1 Rb8 29. Rc4 Rxb6 30. Rc8+ Kh7 31. Rc7 Bf6 32. Nd3 Kg6 33. Kg2 b3 34. Kf3 h5 35. Ke4 Ra6 36. Rb7 Ra4+ 37.
Kf3 Rc4 38. Rxb3 Rc2 39. Ke3 Kh6 40. Rb7 Kg6 41. b4 Rc3 42. b5 Rb3 43. Ke2 Kf5 44.
Rxf7 Rxb5 45. Rc7 Ke4 46. f3+ Kd5 47. Nf4+ Kd6 48. Rc2 h4 49. Rd2+ Ke7 50. Ng6+ Kf7 51.
Nxh4 Bxh4 52. gxh4 Rh5 53. Rd4 Kf6 54. Kf2 Ra5 55.
Kg3 g6 56. Rf4+ Kg7 57. Rg4 Kf6 58. Rb4 Rc5 59. Rb8 Ra5 60. Kg4 Ra4+ 61. Kg3 Ra5 62.
Rh8 Ra1 63. h5 gxh5 64. Rxh5 e5 65. Rh6+ Kf5 66. Rh5+ Kf6 67. h4 Rg1+ 68. Kf2 Ra1 69. Rh8 Rh1 70. Kg2 Ra1 71. Rh6+ Kf5 72. Rh8 Kf6 73.
Rg8 Ra2+ 74. Kh3 Ra1 75. Rg2 Kf5 76. Kg3 Ra3 77. Re2 Ra1 78. Rh2 Ra6 79. Rb2 Rg6+ 80.
Kf2 Ra6 81. Rb4 Ra1 82. Rg4 Ra6 83. Rg1 Ra3 84. Rg4 Ra6 85. Rg8 Ra1 86. Rf8+ Kg6 87. Re8 Kf5 88. Kg2 Rb1 89. h5 Rb6 90. Kg3 Rb1 91.
h6 Rh1 92. Rh8 Kg6 93. Rg8+ Kf7 94. Rh8 Kg6 95. h7 Rxh7 96. Rxh7 Kxh7 97. Kg4 Kg6 98. f4 e4 99. f5+ Kf6 100. Kf4 e3 101. Kxe3 Kxf5 1/2-1/2